 Dungeon Crawl Stone Soup version 0.29.0-13-gc9e81de378 (webtiles) character file.

Game seed: 17486633697257848003

91 ILmort the Digger (level 4, 0/24 HPs)
             Began as a Gargoyle Earth Elementalist on Sept 10, 2022.
             Slain by an orc
             ... wielding a +0 flail
              (1 damage)
             ... on level 4 of the Dungeon.
             The game lasted 00:08:43 (2961 turns).

ILmort the Digger (Gargoyle Earth Elementalist)     Turns: 2961, Time: 00:08:44

Health: 0/24       AC: 15    Str: 12    XL:     4   Next: 57%
Magic:  6/7        EV:  8    Int: 17    God:
Gold:   127        SH:  0    Dex: 10    Spells: 3/7 levels left

rFire   x . .      SeeInvis .   c - +0 short sword
rCold   + + .      Faith    .   (no shield)
rNeg    + . .      Spirit   .   y - +0 ice dragon scales
rPois   ∞          Reflect  .   (no helmet)
rElec   +          Harm     .   (no cloak)
rCorr   .          Rampage  .   (no gloves)
Will    .....                   n - +2 pair of boots
Stlth   ..........              (no amulet)
HPRegen 0.08/turn               (no ring)
MPRegen 0.10/turn               (no ring)

@: no status effects
A: sickness immunity, AC +3, negative energy resistance 1, electricity
resistance, torment resistance 1, petrification resistance
a: no special abilities


You were on level 4 of the Dungeon.
You visited 1 branch of the dungeon, and saw 4 of its levels.

You collected 127 gold pieces.

Inventory:

Hand Weapons
 c - a +0 short sword (weapon)
Missiles
 x - 2 curare-tipped darts (quivered)
Armour
 a - a +0 robe
 n - a +2 pair of boots (worn)
 y - +0 ice dragon scales (worn)
 A - the +3 salamander hide armour {Flames rF++ rC--}
   (You found it on level 3 of the Dungeon)

   It surrounds you with a cloud of flames.
   It grants immunity to clouds of flame.
   It enhances your fire magic.
   rF:        It greatly protects you from fire.
   rC:        It makes you very vulnerable to cold.
Wands
 w - a wand of flame (18)
Scrolls
 d - 2 scrolls of noise
 e - a scroll of amnesia
 f - a scroll of identify
 h - a scroll of fog
 i - 2 scrolls of fear {unknown}
 j - 3 scrolls of poison {unknown}
 l - 4 scrolls of enchant armour {unknown}
 q - a scroll of blinking {unknown}
 v - a scroll of teleportation {unknown}
Potions
 b - a potion of magic
 g - a potion of brilliance {unknown}
 k - a potion of heal wounds {unknown}
 o - 3 potions of curing {unknown}
 p - a potion of haste {unknown}
 r - a potion of lignification {unknown}
 s - a potion of attraction {unknown}
 t - a potion of cancellation {unknown}
 u - a potion of might {unknown}
 z - a potion of degeneration {unknown}


   Skills:
 - Level 1.5 Dodging
 - Level 2.1 Stealth
 - Level 2.0 Spellcasting
 - Level 0.7 Transmutations
 + Level 6.3 Earth Magic


You had 3 spell levels left.
You knew the following spells:

 Your Spells              Type           Power      Damage    Failure   Level
a - Sandblast             Erth           46%        2d11      12%         1
b - Stone Arrow           Conj/Erth      24%        3d8       78%         3

Your spell library contained the following spells:

 Spells                   Type           Power      Damage    Failure   Level
 Passwall                 Tmut/Erth      10%        N/A       50%         2
 Lee's Rapid Deconstruct  Erth           11%        3d9*      97%         5
 Petrify                  Tmut/Erth      13%        N/A       98%         4
 Airstrike                Air            0%         2d(1-17)  100%        4
 Fulminant Prism          Conj/Hex       0%         3d6       100%        4
 Iskenderun's Mystic Bla  Conj/Tloc      1%         2d3       100%        4
 Summon Lightning Spire   Summ/Air       1%         N/A       100%        4
 Lightning Bolt           Conj/Air       0%         1d11      100%        5


Dungeon Overview and Level Annotations

Branches:
Dungeon (4/15)
 Temple: D:4-7

Altars:
Wu Jian

Shops:
D:3 [


Innate Abilities, Weirdness & Mutations

You are immune to sickness and miasma.
Your stone body is resilient. (AC +3)
You are immune to poison.
You resist negative energy. (rN+)
You are resistant to electric shocks. (rElec)
You are resistant to unholy torment.
You are immune to petrification.


Message History

The orc attacks as you move away! The orc hits you with a +0 flail.
You barely miss the orc. The orc closely misses you.
The orc hits you but does no damage.
You barely miss the orc.
The orc priest mumbles some strange prayers to Beogh against you.
Pain shoots through your body!
An orc wizard comes into view. It is wielding a +2 dagger of speed.
The orc hits you but does no damage. The orc hits you but does no damage.
The orc wizard mumbles some strange words.
The orc wizard flickers and vanishes!
Deactivating autopickup; reactivate with Ctrl-A.
The orc priest hits you with a +0 dagger.
The orc hits you but does no damage.
You barely miss the orc priest. The orc hits you with a +0 flail.
* * * LOW HITPOINT WARNING * * *
The orc hits you with a +0 dagger.
* * * LOW HITPOINT WARNING * * *
You barely miss the orc priest. The orc hits you but does no damage.
The orc priest hits you but does no damage.
The orc barely misses you.
Casting: Sandblast (safe; 12% risk of failure)
Aiming: Sandblast (safe; 12% risk of failure)
Aim: an orc, wielding a +0 dagger and wearing a +0 chain mail (moderately wounded, 87% to hit)
The blast of sand misses the orc.
Something hits you but does no damage. The orc barely misses you.
The orc priest hits you but does no damage.
The orc hits you with a +0 dagger.
* * * LOW HITPOINT WARNING * * *
You hear some strange, mumbled words.
A magic dart appears from out of thin air!
The magic dart hits you.
* * * LOW HITPOINT WARNING * * *
The orc priest closely misses you. The orc barely misses you.
The orc hits you but does no damage.
As you read the scroll of fog, it crumbles to dust.
The scroll dissolves into smoke.
Something hits you but does no damage.
The orc priest hits you but does no damage.
The orc hits you with a +0 flail.
You die...

###........#.#...#.#.# *,*
##....#.#..#.#.....#.# *,*
##...<+.#..#.#.#####.# *,*
##....#.#...<#...#*#.# *,*
##....#.#....#.#.....# *,* ***
##....#.#......#######****,* *,,
##....+....#.#§§....),,,,,,* *,,
##....#.#**#.##oo########******,,
.'....+,,,,#...§@o...)...,,,,,+,,
##....##.#,######{######*******,,
#........#oo...o.........* *,,
#.###.#############.####.* *,,
#.# *...,,,,,,,,,,,...,,,* *,,
#.#**###..,,*****,**###,,* *,,
#..,,,,+,.,,*⌠~~***~~⌠*,,******,,
###*****,,,,*~~~~~~~~~*,,,,,,,,,*
# *,,,,*~~~***~~~*,,*,,,,,,,


You could see an orc priest and 2 orcs.

Vanquished Creatures
  An adder (D:2)
  A gnoll (D:2)
  A worm (D:3)
  6 dart slugs
  A ball python (D:2)
  6 bats
  3 endoplasms
  4 giant cockroaches
  7 goblins
  5 hobgoblins
  6 frilled lizards
  7 kobolds
  7 rats
55 creatures vanquished.

Notes
Turn   | Place    | Note
-------+----------+-------------------------------------------
     0 | D:1      | ILmort the Gargoyle Earth Elementalist began the quest for
                  | the Orb.
     0 | D:1      | Reached XP level 1. HP: 10/10 MP: 3/3
    69 | D:1      | Reached skill level 4 in Earth Magic
   135 | D:1      | Reached XP level 2. HP: 15/15 MP: 1/5
   864 | D:1      | Reached XP level 3. HP: 19/19 MP: 4/6
   866 | D:1      | Reached skill level 5 in Earth Magic
  1510 | D:2      | Learned a level 3 spell: Stone Arrow
  1692 | D:2      | Reached XP level 4. HP: 24/24 MP: 3/7
  1750 | D:2      | Found an ornate altar of the Wu Jian Council.
  1817 | D:2      | Reached skill level 6 in Earth Magic
  2217 | D:3      | Found Otwem's Armour Emporium.
  2679 | D:3      | Found the +3 salamander hide armour {Flames rF++ rC--}
  2960 | D:4      | HP: 1/24 [something/magic dart (2)]
  2961 | D:4      | Slain by an orc

Illustrated notes

Levels and vault maps discovered:
D:1:      amcnicky_arrival_single_pillar, layout_loops_ring, minmay_pentomino_o2
D:2:      layout_basic, basic_altar, amcnicky_mini_pool_small, minmay_bisected
D:3:      layout_loops_ring, serial_shops, shop, kennysheep_boxes
D:4:      layout_basic, kennysheep_little_box, cheibrodos_worm_habitat,
          ebering_ghost_sewer_f, nicolae_ossuary_entry_catacombs,
          kennysheep_nondescript, minmay_hollow_rounded_squares

Skill      XL: |  1  2  3  4 |
---------------+-------------+-----
Earth Magic    | 4 5 6 |  6.3
Dodging        | |  1.5
Stealth        | |  2.1
Spellcasting   | |  2.0
Transmutations | |  0.7

Action                   |  1- 3 |  4- 6 || total
-------------------------+-------+-------++-------
Melee: Short sword       |    27 |    14 ||    41
 Cast: Sandblast         |    37 |    23 ||    60
  Use: Scroll            |       |     6 ||     6
 Stab: Sleeping          |     1 |       ||     1
Armor: Robe              |    12 |       ||    12
       Ice dragon scales |       |    16 ||    16
Dodge: Dodged            |    16 |    12 ||    28
